 Dungeon Crawl Stone Soup version 0.22.1 (webtiles) character file.

224 Oink the Ruffian (level 5, -4/72 HPs)
             Began as a Troll Transmuter on Sept 19, 2018.
             Slain by a worm (7 damage)
             ... on level 3 of the Dungeon.
             The game lasted 00:03:56 (1827 turns).

Oink the Ruffian (Troll Transmuter)                 Turns: 1827, Time: 00:03:57

Health: -4/72      AC: 22    Str: 18    XL:     5   Next: 67%
Magic:  7/7        EV:  1    Int: 10    God:
Gold:   143        SH:  0    Dex: 10    Spells: 5/8 levels left

rFire    . . .     SeeInvis .     - Unarmed
rCold    . . .     Gourm    +   (no shield)
rNeg     + + +     Faith    .   (armour currently unavailable)
rPois    +         Spirit   .   (helmet currently unavailable)
rElec    .         Reflect  .   (cloak currently unavailable)
rCorr    .         Harm     .   (gloves unavailable)
MR       .....     NoTele   +   (boots unavailable)
Stlth    +.........             (no amulet)
HPRegen  0.62/turn              (no ring)
MPRegen  0.10/turn              (no ring)

@: tree-form
A: large, unfitting armour, fast metabolism 3, gourmand, regeneration 1
a: no special abilities


You were on level 3 of the Dungeon.
You were very full.
You were a tree.
You visited 1 branch of the dungeon, and saw 3 of its levels.

You collected 143 gold pieces.

Inventory:

Missiles
 a - 22 arrows
Armour
 b - a +0 robe (melded)
Jewellery
 f - an uncursed ring of protection from fire {unknown}
Scrolls
 e - 2 scrolls of remove curse {unknown}
 k - a scroll of identify {unknown}
 l - a scroll of blinking {unknown}
Potions
 c - a potion of brilliance {unknown}
 g - a potion of invisibility {unknown}
 i - a potion of lignification
 j - 2 potions of might {unknown}
Comestibles
 d - 6 rations
 h - a chunk of flesh


   Skills:
 + Level 1.1 Fighting
 - Level 1.5 Dodging
 + Level 4.7 Unarmed Combat
 + Level 2.2 Spellcasting
 + Level 2.4 Transmutations


You had 5 spell levels left.
You knew the following spells:

 Your Spells              Type           Power        Failure   Level  Hunger
a - Beastly Appendage     Tmut           #.....       12%         1    ##.....
b - Sticks to Snakes      Tmut           #.......     17%         2    ###....

Your spell library contained the following spells:

 Spells                   Type           Power        Failure   Level  Hunger
 Spider Form              Tmut/Pois      #.........   50%         3    ####...
 Ice Form                 Ice/Tmut       #.......     88%         4    #####..
 Blade Hands              Tmut           #.........   97%         5    ######.


Dungeon Overview and Level Annotations

Branches:
Dungeon (3/15)

Altars:


Innate Abilities, Weirdness & Mutations

You are too large for most types of armour.
((You have claws for hands.))
Your metabolism is lightning-fast.
You like to eat raw meat.
Your natural rate of healing is unusually fast.
((You are covered in fur. (AC +1)))
((You have very tough skin. (AC +2)))


Message History

The orc priest is severely wounded.
The jackal bites you.
* * * LOW HITPOINT WARNING * * *
The orc priest barely misses you.
The hobgoblin hits you but does no damage.
The worm bites you but does no damage.
The jackal bites you but does no damage.
You hit the orc priest but do no damage.
You punch the orc priest.
You kill the orc priest!
The orc hits you but does no damage.
The hobgoblin hits you but does no damage.
The jackal bites you.
* * * LOW HITPOINT WARNING * * *
You smack the orc!
You kill the orc!
The jackal bites you but does no damage.
The hobgoblin hits you but does no damage.
The worm bites you!
You die...

..♣..≈≈ ###.#P..♣
...#.#.######. #
##............ .
#.............
###.#.............
....#....)h.......
.......†.w♣)......
../.#..†))g.......
#.>...............
#.#.#..)...........
#.# #...!...........
....##..............
#...................
######..............
...................


You could see a worm, a jackal and a hobgoblin.

Vanquished Creatures
  A black bear (D:2)
  An orc priest (D:3)
  2 adders
  An ooze (D:2)
  2 dart slugs
  3 leopard geckos
  4 orcs (D:3)
  3 giant cockroaches
  18 goblins
  6 hobgoblins
  A quokka (D:2)
  8 bats
  6 frilled lizards
  12 kobolds
  5 rats
73 creatures vanquished.

Notes
Turn   | Place    | Note
-------+----------+-------------------------------------------
     0 | D:1      | Oink the Troll Transmuter began the quest for the Orb.
     0 | D:1      | Reached XP level 1. HP: 18/18 MP: 1/1
   183 | D:1      | Reached XP level 2. HP: 26/26 MP: 3/3
   190 | D:1      | Learned a level 2 spell: Sticks to Snakes
   563 | D:1      | Reached XP level 3. HP: 31/32 MP: 2/4
  1118 | D:2      | Reached skill level 1 in Fighting
  1207 | D:2      | Reached skill level 4 in Unarmed Combat
  1288 | D:2      | Reached XP level 4. HP: 41/41 MP: 3/5
  1322 | D:2      | Noticed a black bear
  1333 | D:2      | Killed a black bear
  1333 | D:2      | Reached XP level 5. HP: 8/48 MP: 4/7
  1826 | D:3      | HP: 2/72 [jackal (2)]
  1827 | D:3      | Slain by a worm

Skill      XL: |  1  2  3  4 |
---------------+-------------+-----
Fighting       | 1 |  1.1
Unarmed Combat | 4 |  4.7
Spellcasting   | 2 |  2.2
Transmutations | 2 |  2.4
Dodging        | |  1.5

Action                   |  1- 3 |  4- 6 || total
-------------------------+-------+-------++-------
Melee: Unarmed           |   106 |    68 ||   174
       Kick              |     9 |     2 ||    11
       Headbutt          |     1 |     3 ||     4
       Punch             |       |     3 ||     3
 Cast: Beastly Appendage |    18 |    10 ||    28
  Use: Potion            |       |     1 ||     1
  Eat: Chunk             |    18 |     5 ||    23
Armor: Robe              |    59 |    32 ||    91
       Skin              |       |    14 ||    14
Dodge: Dodged            |    56 |    55 ||   111
